 Dungeon Crawl Stone Soup version 0.28-a0-724-g66f9036eb4 (webtiles) character file.

Game seed: 13133500416375599759

19 cheechan the Skirmisher (level 2, 0/28 HPs)
             Began as a Naga Abyssal Knight on Oct 26, 2021.
             Was a Follower of Lugonu.
             Slain by a bat (1 damage)
             ... on level 1 of the Dungeon.
             The game lasted 00:02:00 (425 turns).

cheechan the Skirmisher (Naga Abyssal Knight)        Turns: 425, Time: 00:02:01

Health: 0/28       AC:  2    Str: 15    XL:     2   Next: 75%
Magic:  3/3        EV:  9    Int: 10    God:    Lugonu [*.....]
Gold:   62         SH:  0    Dex: 11    Spells: 1/1 levels left

rFire   . . .      SeeInvis +   a - +1 hand axe
rCold   . . .      Faith    .   (no shield)
rNeg    . . .      Spirit   .   b - +0 leather armour
rPois   +          Reflect  .   (no helmet)
rElec   .          Harm     .   (no cloak)
rCorr   .          Rampage  .   (no gloves)
Will    .....                   (no barding)
Stlth   +.........              (no amulet)
HPRegen 0.09/turn               (no ring)
MPRegen 0.08/turn               (no ring)

@: very slow
A: AC +0, large, see invisible, deformed body, poison resistance, slowness 2,
spit poison 1, naga tail 1
a: Spit Poison, Renounce Religion, Depart the Abyss


You were on level 1 of the Dungeon.
You worshipped Lugonu.
Lugonu was aware of your devotion.
You visited 1 branch of the dungeon, and saw 1 of its levels.
You visited the Abyss 1 time.

You collected 62 gold pieces.

Inventory:

Hand Weapons
 a - a +1 hand axe (weapon)
Missiles
 d - 20 sling bullets
 e - 18 stones
Armour
 b - a +0 leather armour (worn)
Scrolls
 c - a scroll of acquirement {unknown}
Potions
 f - 2 potions of invisibility {unknown}


   Skills:
 + Level 3.4 Fighting
 + Level 2.3 Axes
 + Level 1.8 Armour
 + Level 0.7 Dodging
 + Level 2.1 Invocations


You had one spell level left.
You didn't know any spells.
Your spell library was empty.

Dungeon Overview and Level Annotations

Branches:
Dungeon (1/15)

Altars:


Innate Abilities, Weirdness & Mutations

Your serpentine skin is tough. (AC +0)
You have supernaturally acute eyesight. (SInv)
Armour fits poorly on your strangely shaped body.
Your system is resistant to poisons. (rPois)
You cover ground very slowly.
You can spit poison.
You have a snake-like lower body.


Message History

The frilled lizard hisses angrily.
A bat comes into view.
The hobgoblin barely misses you. The goblin hits you with a +0 club.
The hobgoblin hits you.
The bat moves out of view.
Abil: Spit Poison
Press: ? - help, Q - select action, (/) - cycle Shift-Dir - straight line, f - hobgoblin
Aim: a hobgoblin (almost dead)
The splash of poison hits the hobgoblin.
You kill the hobgoblin!
Lugonu accepts your kill. The goblin completely misses you.
You hit the goblin.
The goblin is moderately wounded.
You hit the hobgoblin. The goblin hits you with a +0 club.
The hobgoblin barely misses you.
You hit the goblin.
The goblin is heavily wounded.
You hit the hobgoblin.
You have got your breath back.
The bat hits you but does no damage. The goblin hits you with a +0 club.
* * * LOW HITPOINT WARNING * * *
The hobgoblin hits you.
* * * LOW HITPOINT WARNING * * *
You slash the goblin!
You kill the goblin!
Lugonu accepts your kill.
You miss the frilled lizard. You hit the hobgoblin.
You kill the hobgoblin!
Lugonu accepts your kill. The bat hits you.
* * * LOW HITPOINT WARNING * * *
The frilled lizard closely misses you.
You closely miss the frilled lizard. You hit the bat. The bat hits you.
* * * LOW HITPOINT WARNING * * *
The frilled lizard completely misses you.
You closely miss the frilled lizard. The bat hits you but does no damage.
The frilled lizard bites you.
* * * LOW HITPOINT WARNING * * *
You miss the frilled lizard. The bat hits you.
You die...

#.............##...##
### ....
####......#....#.#..####
.#.
#.........#.#........ #
#....................#
#......####..........#
#......# ##.$.......#
####...#####.........#
#. #.................. #
......l@b###....# ...
.......)...#..#.. .##
.................
.........#...#..# .##
........####.##.. ...
......... ..# ....#
........# .. .....
........# #.. ##.


You could see a bat and a frilled lizard.

Vanquished Creatures
  An endoplasm (D:1)
  2 giant cockroaches (D:1)
  A goblin (D:1)
  7 hobgoblins (D:1)
  A kobold (D:1)
  A quokka (D:1)
  A frilled lizard (D:1)
  A rat (D:1)
15 creatures vanquished.

Notes
Turn   | Place    | Note
-------+----------+-------------------------------------------
     0 | Abyss:1  | cheechan the Naga Abyssal Knight began the quest for the
                  | Orb.
     0 | Abyss:1  | Reached XP level 1. HP: 21/21 MP: 2/2
    61 | Abyss:1  | Noticed a chaos spawn
    66 | D:1      | Escaped the Abyss
   279 | D:1      | Reached XP level 2. HP: 28/28 MP: 3/3
   319 | D:1      | Reached * piety under Lugonu
   424 | D:1      | HP: 1/28 [frilled lizard (1)]
   425 | D:1      | Slain by a bat

Illustrated notes

Levels and vault maps discovered:
D:1:      lemuel_arrival_behind_the_door_small, layout_rooms, dk_noncrumbling_4

Action                   || total
-------------------------++-------
Melee: Hand axe          ||    41
Invok: Depart the Abyss  ||     1
 Abil: Spit Poison       ||     4
Armor: Leather armour    ||     8
Dodge: Dodged            ||    22

Table legend: (Time is in decaauts)
 A = Elapsed time spent in this place.
 B = Non-inter-level travel time spent in this place.
 C = Inter-level travel time spent in this place.
 D = Time resting spent in this place.
 E = Time spent auto-exploring this place.
 F = Levels seen in this place.
 G = Mean time per level.
                   A        B        C        D        E       F      G
               +--------+--------+--------+--------+--------+-----+--------+
         Total |    578 |    578 |      0 |      0 |      0 |   2 |  289.0 |
       Dungeon |    486 |    486 |      0 |      0 |      0 |   1 |  486.0 |
         Abyss |     92 |     92 |      0 |      0 |      0 |   1 |   92.0 |
               +--------+--------+--------+--------+--------+-----+--------+

Top non-repeatable levels by time:
     D:1: 486 daAuts
 Abyss:1: 92 daAuts
